AoeStats
← Lamba*da!

Arabia

510030050Analyzed
1v1 RM · 4d ago on Sep 29, 2026· 54m 27s· 2 players
Game mode
Random Map
Map size
Tiny (2 player)
Population
200
Speed
Normal
Resources
Standard
Victory
Conquest
Starting age
Dark Age
Ending age
Imperial Age
RankedLock teamsTeams togetherTeam positionsShared explorationLock speedFull tech treeHidden civsTurbo modeCheats
Victory
Defeat
🇻🇳 Tatars · Vietnam
1505
+17
🇦🇷 Saracens · Argentina
1529
-17
quan.do19
6:04 Loom
8:48 Feudal Age
9:38 Double-Bit Axe
16:25 Gold Mining
19:49 Castle Age
18:08 Fletching
18:19 Gold Mining
19:38 Bloodlines
21:06 Bow Saw
21:06 Bodkin Arrow
22:25 Padded Archer Armor
22:40 Horse Collar
25:08 Husbandry
30:18 Wheelbarrow
32:36 Leather Archer Armor
33:18 Ballistics
37:57 Imperial Age
36:20 Town Watch
36:51 Hand Cart
38:44 Bracer
39:57 Chemistry
40:42 Ring Archer Armor
42:40 Town Patrol
43:42 Heavy Cavalry Archer
45:13 Conscription
44:25 Heavy Cavalry Archer
46:05 Scale Barding Armor
46:11 Forging
48:45 Gold Shaft Mining
48:01 Stone Mining
48:47 Chain Barding Armor
49:01 Light Cavalry
Lamba*da!
6:10 Loom
9:00 Feudal Age
11:01 Double-Bit Axe
13:55 Horse Collar
18:00 Wheelbarrow
21:02 Castle Age
19:51 Gold Mining
20:11 Fletching
22:13 Bow Saw
21:25 Crossbowman
22:15 Bodkin Arrow
22:45 Thumb Ring
24:08 Ballistics
25:31 Padded Archer Armor
26:51 Leather Archer Armor
28:50 Town Watch
29:20 Hand Cart
31:56 Scale Barding Armor
33:52 Stone Mining
42:11 Imperial Age
41:44 Elite Skirmisher
43:10 Gold Shaft Mining
42:14 Arbalester
43:59 Chemistry
43:01 Bracer
45:49 Elite Mameluke
50:20 Ring Archer Armor
54:55 Bloodlines
54:45 Husbandry
Connection lost

Rejoining the realm…

Still unreachable

The connection could not be restored.

Session expired

The server has moved on; the page needs a fresh start.